AoeStats
← kOtH

Fortress

507642321Analyzed
4v4 RM · 14d ago on Sep 19, 2026· 47m 44s· 8 players
Game mode
Random Map
Map size
Huge
Population
200
Speed
Normal
Resources
Standard
Victory
Conquest
Starting age
Dark Age
Ending age
Imperial Age
RankedLock teamsTeams togetherTeam positionsShared explorationLock speedFull tech treeHidden civsTurbo modeCheats
Victory
Defeat
🇺🇸 Georgians · United States
1508
+9
🇺🇸 Sicilians · United States
1468
+11
🇲🇽 Wei · Mexico
1429
+12
🇲🇽 Tupi · Mexico
1383
+14
🇲🇽 Saracens · Mexico
1369
-12
🇦🇷 Khmer · Argentina
1363
-12
🇨🇱 Italians · Chile
1341
-11
🇲🇽 Persians · Mexico
1332
-11
Alt+F4 | Haise
8:37 Feudal Age
9:46 Double-Bit Axe
9:52 Horse Collar
12:40 Castle Age
12:48 Wheelbarrow
13:37 Bow Saw
14:24 Loom
19:48 Gold Mining
22:35 Fletching
25:46 Imperial Age
23:48 Ballistics
23:47 Padded Archer Armor
24:19 Heavy Plow
24:06 Elite Skirmisher
25:29 Gold Shaft Mining
26:15 Sanctity
26:20 Bodkin Arrow
26:35 Scale Barding Armor
27:33 Chemistry
27:18 Conscription
27:12 Bloodlines
27:03 Husbandry
27:19 Bracer
27:57 Leather Archer Armor
28:14 Light Cavalry
29:24 Cavalier
29:31 Onager
31:26 Siege Onager
34:01 Hauberk
37:14 Scale Barding Armor
37:19 Forging
37:11 Scale Mail Armor
36:34 Pikeman
37:14 Squires
40:23 Halberdier
41:41 Chain Barding Armor
41:56 Iron Casting
41:38 Chain Mail Armor
41:25 Elite Serjeant
42:31 First Crusade
43:56 Hoardings
44:16 Plate Barding Armor
45:58 Blast Furnace
46:36 Plate Mail Armor
48:35 Hand Cart
48:11 Stone Mining
Takerofthehill
8:12 Feudal Age
9:56 Double-Bit Axe
12:14 Castle Age
10:25 Horse Collar
11:26 Gold Mining
11:29 Stone Mining
12:15 Loom
13:36 Bow Saw
14:46 Scale Barding Armor
18:42 Wheelbarrow
18:37 Fervor
19:26 Town Watch
21:11 Hand Cart
23:45 Heavy Plow
30:01 Imperial Age
29:17 Bloodlines
29:59 Forging
30:13 Caravan
31:16 Chain Barding Armor
31:24 Conscription
32:04 Iron Casting
31:51 Fletching
32:08 Elite Monaspa
34:12 Plate Barding Armor
34:46 Blast Furnace
34:58 Stone Shaft Mining
37:33 Aznauri Cavalry
36:55 Capped Ram
38:41 Siege Ram
41:36 Elite Skirmisher
43:14 Coinage
43:33 Bodkin Arrow
43:38 Padded Archer Armor
44:37 Bracer
44:53 Leather Archer Armor
46:01 Ballistics
46:41 Chemistry
:) YO30830
8:01 Feudal Age
8:49 Gold Mining
8:45 Double-Bit Axe
8:41 Horse Collar
9:39 Wheelbarrow
13:14 Castle Age
11:10 Stone Mining
15:32 Scale Barding Armor
16:24 Bow Saw
17:49 Loom
20:45 Bloodlines
24:07 Forging
25:22 Tuntian
26:05 Gold Shaft Mining
26:07 Stone Shaft Mining
25:37 Heavy Plow
26:24 Chain Barding Armor
32:16 Imperial Age
34:14 Husbandry
33:34 Heavy Hei Guang Cavalry
35:21 Conscription
35:34 Ming Guang Armor
35:14 Light Cavalry
36:12 Hussar
38:07 Iron Casting
40:32 Chemistry
39:55 Ballistics
45:57 Treadmill Crane
:) Tu tu ruuuu
6:45 Loom
8:39 Feudal Age
14:05 Castle Age
12:08 Fletching
12:18 Double-Bit Axe
12:16 Horse Collar
13:01 Stone Mining
13:25 Gold Mining
15:23 Bodkin Arrow
16:06 Bow Saw
17:08 Wheelbarrow
20:38 Hand Cart
21:41 Heavy Plow
22:17 Caravan
23:49 Padded Archer Armor
24:52 Gold Shaft Mining
30:09 Imperial Age
28:26 Leather Archer Armor
29:13 Ballistics
29:18 Town Watch
29:53 Scale Mail Armor
29:58 Squires
30:57 Curare
32:15 Chemistry
31:26 Elite Blackwood Archer
32:47 Bracer
33:33 Ring Archer Armor
33:26 Conscription
33:16 Murder Holes
35:42 Two-Man Saw
34:55 Caciques
35:09 Chain Mail Armor
36:52 Hoardings
36:48 Plate Mail Armor
36:29 Forging
37:02 Elite Ibirapema Warrior
37:28 Arson
39:19 Iron Casting
40:20 Coinage
MaximoMGM
7:50 Feudal Age
9:04 Double-Bit Axe
9:14 Horse Collar
12:03 Castle Age
13:30 Bow Saw
13:54 Fletching
14:52 Heavy Plow
15:01 Bodkin Arrow
17:58 Loom
20:17 Crossbowman
28:22 Imperial Age
27:29 Stone Mining
30:27 Chemistry
32:02 Elite Skirmisher
33:46 Bracer
34:51 Ballistics
40:21 Padded Archer Armor
NT | MCLovin1986
7:35 Feudal Age
11:10 Castle Age
11:12 Double-Bit Axe
11:10 Horse Collar
13:22 Bow Saw
16:26 Wheelbarrow
19:23 Town Watch
19:28 Loom
23:07 Gold Mining
27:25 Imperial Age
25:01 Pikeman
25:53 Scale Mail Armor
26:03 Forging
27:31 Hand Cart
27:34 Chain Mail Armor
27:29 Forging
27:29 Halberdier
28:46 Iron Casting
28:41 Conscription
30:01 Scale Barding Armor
31:31 Blast Furnace
32:14 Double Crossbow
32:39 Chain Barding Armor
33:24 Heavy Plow
34:10 Plate Barding Armor
33:38 Tusk Swords
35:37 Husbandry
35:33 Light Cavalry
36:25 Bloodlines
37:20 Masonry
37:23 Fortified Wall
36:45 Hussar
42:08 Fletching
42:07 Arson
43:37 Caravan
45:39 Padded Archer Armor
46:44 Hoardings
48:06 Coinage
kOtH
7:29 Feudal Age
12:10 Castle Age
10:36 Double-Bit Axe
11:58 Gold Mining
11:54 Horse Collar
12:35 Stone Mining
15:08 Bow Saw
16:05 Loom
17:09 Heavy Plow
20:24 Forging
21:27 Wheelbarrow
22:37 Gold Shaft Mining
25:17 Bloodlines
25:14 Scale Barding Armor
25:47 Iron Casting
28:02 Imperial Age
26:21 Wheelbarrow
28:11 Chain Barding Armor
28:14 Hand Cart
29:53 Blast Furnace
29:15 Fletching
30:25 Padded Archer Armor
29:53 Cavalier
30:23 Capped Ram
31:59 Plate Barding Armor
31:59 Bodkin Arrow
32:56 Conscription
32:31 Savar
34:30 Ballistics
34:25 Elite Skirmisher
35:10 Thumb Ring
35:07 Padded Archer Armor
35:08 Town Watch
36:01 Crop Rotation
36:53 Chemistry
40:31 Light Cavalry
42:00 Leather Archer Armor
41:46 Scale Mail Armor
44:57 Two-Man Saw
Rosse SinClan
5:52 Loom
7:37 Feudal Age
8:28 Double-Bit Axe
8:39 Horse Collar
11:34 Castle Age
14:13 Wheelbarrow
15:04 Bow Saw
18:14 Horse Collar
21:03 Gold Mining
22:51 Town Watch
23:30 Forging
23:40 Loom
27:10 Scale Barding Armor
28:36 Hand Cart
29:02 Gold Shaft Mining
30:00 Chain Barding Armor
30:15 Iron Casting
30:21 Heavy Plow
33:09 Imperial Age
31:04 Stone Mining
33:51 Iron Casting
33:18 Elite Mameluke
34:41 Plate Barding Armor
34:30 Conscription
37:04 Hoardings
38:14 Chemistry
37:57 Hoardings
38:35 Blast Furnace
44:58 Light Cavalry
45:39 Husbandry
46:44 Bloodlines
Connection lost

Rejoining the realm…

Still unreachable

The connection could not be restored.

Session expired

The server has moved on; the page needs a fresh start.